 Dungeon Crawl Stone Soup version 0.31-a0-161-gb58dd9be76 (webtiles) character file.

Game seed: 12235057027773918567

1967 Moral the Digger (level 9, -1/62 HPs)
             Began as a Grey Draconian Earth Elementalist on June 13, 2023.
             Was a Follower of Vehumet.
             Slain by an orc warrior
             ... wielding a +1 antimagic glaive
              (17 damage)
             ... on level 7 of the Dungeon.
             The game lasted 00:25:09 (7571 turns).

Moral the Digger (DrEE)                             Turns: 7571, Time: 00:25:10

Health: -1/62      AC: 14    Str: 17    XL:     9   Next: 0%
Magic:  0/16       EV: 13    Int: 19    God:    Vehumet [*.....]
Gold:   405        SH:  0    Dex: 12    Spells: 15/18 levels left

rFire   . . .        l - +7 flail of Bifyqywe {venom, Will+ Stlth+}
rCold   . . .        (no shield)
rNeg    . . .        (body armour unavailable)
rPois   +            (helmet restricted)
rElec   .            b - +0 cloak
rCorr   .            w - +0 pair of gloves
SInv    .            (no boots)
Will    +....        (no amulet)
Stlth   ++++         j - ring of poison resistance
HPRegen 0.30/turn    p - +6 ring of strength
MPRegen 0.15/turn

%: no passive effects
@: no status effects
A: AC +12, amphibious, unfitting armour, cold-blooded
a: Renounce Religion


You were on level 7 of the Dungeon.
You worshipped Vehumet.
Vehumet was aware of your devotion.
You visited 1 branch of the dungeon, and saw 7 of its levels.

You collected 405 gold pieces.

Inventory:

Hand Weapons
 l - the +7 flail of Bifyqywe (weapon) {venom, Will+ Stlth+}
   (You found it on level 2 of the Dungeon)

   Will:      It increases your willpower.
   Stlth:     It makes you more stealthy.
 u - the +5 spear of Cepp {heavy, Contam *Rage rElec Int+8}
   (You took it off a wight on level 6 of the Dungeon)

   Int:       It affects your intelligence (+8).
   rElec:     It insulates you from electricity.
   *Rage:     It berserks you when you make melee attacks (+20% chance).
   Contam:    It causes magical contamination when unequipped.
Armour
 b - a +0 cloak (worn)
 w - a +0 pair of gloves (worn)
Jewellery
 d - a ring of resist corrosion
 j - a ring of poison resistance (left hand)
 p - a +6 ring of strength (right hand)
Wands
 i - a wand of roots (8)
 q - a wand of digging (2)
Scrolls
 e - a scroll of enchant armour {unknown}
 h - 3 scrolls of enchant weapon
 n - 2 scrolls of identify
 o - a scroll of revelation
 r - 3 scrolls of poison {unknown}
 s - a scroll of immolation {unknown}
 v - 2 scrolls of teleportation
Potions
 a - a potion of magic
 c - 2 potions of haste
 f - 3 potions of curing
 g - 6 potions of brilliance {unknown}
 k - 2 potions of might {unknown}
 m - 4 potions of heal wounds {unknown}
 t - a potion of resistance {unknown}


   Skills:
 + Level 5.0 Dodging
 + Level 5.5 Stealth
 + Level 5.1 Spellcasting
 + Level 5.1 Transmutations
 + Level 7.3 Earth Magic


You had 15 spell levels left.
You knew the following spells:

 Your Spells              Type           Power      Damage    Failure   Level
a - Sandblast             Erth           64%        2d14      1%          1
b - Passwall              Tmut/Erth      23%        N/A       1%          2

Your spell library contained the following spells:

 Spells                   Type           Power      Damage    Failure   Level
 Kiss of Death            Conj/Necr      16%        2d6       12%         1
 Sting                    Tmut/Pois      56%        1d5       4%          1
 Stone Arrow              Conj/Erth      36%        3d9       9%          3
 Petrify                  Tmut/Erth      28%        N/A       10%         4
 Slow                     Hex            16%        N/A       12%         1
 Poisonous Vapours        Pois/Air       8%         N/A       19%         2
 Confusing Touch          Hex            4%         N/A       36%         3
 Vampiric Draining        Necr           4%         2d6       36%         3
 Olgreb's Toxic Radiance  Pois           4%         N/A       77%         4
 Summon Forest            Summ/Tloc      2%         N/A       98%         5
 Summon Mana Viper        Hex/Summ       4%         N/A       98%         5
 Summon Cactus Giant      Summ           2%         N/A       100%        6


Dungeon Overview and Level Annotations

Branches:
Dungeon (7/15)             Temple (0/1) D:5

Altars:
Fedhas
Hepliaklqana
Ru
Vehumet
Yredelemnul

Shops:
D:6 *(


Innate Abilities, Weirdness & Mutations

Your dull iron-grey scales are very hard. (AC +12)
You are amphibious.
You cannot fit into any form of body armour.
You are cold-blooded and may be slowed by cold attacks.


Message History

Confirm with . or Enter, or press ? or * to list all spells.
Aiming: Sandblast (safe; 1% risk of failure)
Press: ? - help, Shift-Dir - straight line, f - orc priest
Aim: an orc priest, wielding a +0 hand axe and wearing a +0 leather armour (heavily wounded, 83% to hit)
The blast of sand hits the orc priest!
The orc priest is almost dead.
The orc priest barely misses you. The orc warrior barely misses you.
You sock the orc priest!
You kill the orc priest!
Vehumet accepts your kill.
The orc warrior hits you from afar with a +1 antimagic glaive!
You have reached level 9!
Your experience leads to an increase in your attributes!
Your base attributes are Str 11, Int 17, Dex 12.
Increase (S)trength, (I)ntelligence, or (D)exterity?
You feel clever. x2; Your scales feel tougher.
The orc warrior barely misses you.
There is an open door here.
Items here: ))) [[ †.
You thump the orc warrior!
The orc warrior is poisoned.
Your tail-slap misses the orc warrior.
The orc warrior is moderately wounded.
The orc warrior closely misses you.
The orc warrior hits you with a +1 antimagic glaive!
* * * LOW HITPOINT WARNING * * *
You closely miss the orc warrior.
You tail-slap the orc warrior, but do no damage.
The orc warrior is heavily wounded.
The orc warrior barely misses you.
Unknown command.
You closely miss the orc warrior.
The orc warrior is heavily wounded.
The orc warrior hits you with a +1 antimagic glaive!
* * * LOW HITPOINT WARNING * * *
You feel your power leaking away.
The orc warrior hits you but does no damage.
Okay, then.
You feel better.
The orc warrior hits you with a +1 antimagic glaive!
You die...

####.# ### #..#.###.# #.#
#.# #.. #..##...## #.#
#.# #.# #..###### #.# #.#
#.# #..# #.# ####.# #.#
##..## #.#
.....####.######....##
#.#
..........(#≈≈≈≈.≈≈≈≈#
#.#
...######..#≈##≈.≈##≈#
#.#
...######..#≈###@###≈#
#.#
............≈≈#.o.#≈≈#
#.#
#########..#≈≈#...#≈≈#
#.#
#..#≈≈#.!.#≈≈#######.#
####..#≈#######≈......<.#
.....#≈##≈≈≈##≈.########
#...#≈≈≈≈≈≈≈≈≈.#
#..........###.#
#.....####.###.#


You could see an orc warrior (very poisoned).

Vanquished Creatures
  Duvessa (D:4)
  An ice beast (D:6)
  An orc warrior (D:5)
  2 sky beasts (D:7)
  A centaur (D:7)
  2 ogres
  A kobold brigand (D:6)
  A bullfrog (D:5)
  5 wights (D:6)
  Dowan (D:4)
  The ghost of rabbitsville the Shield-Bearer, a weakling GnWn (D:4)
  An electric eel (D:7)
  2 howler monkeys
  4 hounds
  4 orc priests
  2 jellies
  4 iguanas
  4 orc wizards
  A hound zombie (D:4)
  6 adders
  A white imp (D:6)
  An ufetubus (D:4)
  An adder zombie (D:4)
  2 worms
  A dart slug (D:2)
  17 orcs
  6 endoplasms
  3 giant cockroaches
  4 goblins
  6 hobgoblins
  6 jackals
  4 quokkas
  5 ball pythons
  7 bats
  2 frilled lizards
  10 kobolds
  5 rats
126 creatures vanquished.

Vanquished Creatures (others)
  A bat (D:2)
1 creature vanquished.

Grand Total: 127 creatures vanquished

Notes
Turn   | Place    | Note
-------+----------+-------------------------------------------
     0 | D:1      | Moral the Draconian Earth Elementalist began the quest for
                  | the Orb.
     0 | D:1      | Reached XP level 1. HP: 14/14 MP: 3/3
   379 | D:1      | Reached XP level 2. HP: 20/20 MP: 3/5
  1698 | D:2      | Reached XP level 3. HP: 23/26 MP: 1/6
  1917 | D:2      | Identified the +7 flail of Bifyqywe {venom, Will+ Stlth+}
  2106 | D:2      | You fall into a shaft and drop 2 floors!
  2177 | D:3      | Reached XP level 4. HP: 29/33 MP: 7/7
  3083 | D:3      | Reached XP level 5. HP: 38/38 MP: 9/9
  3270 | D:3      | Identified the +7 leather armour of Liuqam {Regen+ SInv}
  3628 | D:4      | Noticed Duvessa
  3628 | D:4      | Noticed Dowan
  3637 | D:4      | Killed Duvessa
  3638 | D:4      | Reached skill level 4 in Earth Magic
  3638 | D:4      | Reached XP level 6. HP: 26/45 MP: 10/10
  3641 | D:4      | Killed Dowan
  3867 | D:4      | Found a radiant altar of Vehumet.
  3882 | D:4      | Became a worshipper of Vehumet
  4100 | D:4      | Found a blossoming altar of Fedhas.
  4200 | D:4      | Found a runed translucent gate.
  4200 | D:4      | Found a runed translucent gate.
  4200 | D:4      | Found a runed translucent gate.
  4200 | D:4      | Noticed rabbitsville's ghost (weakling GnWn)
  4202 | D:4      | Found a basalt altar of Yredelemnul.
  4216 | D:4      | Your scales start taking on a dull iron-grey colour.
  4216 | D:4      | Reached skill level 5 in Earth Magic
  4216 | D:4      | Reached XP level 7. HP: 49/50 MP: 8/12
  4251 | D:4      | Killed rabbitsville's ghost
  4350 | D:5      | Entered Level 5 of the Dungeon
  4712 | D:5      | Found a staircase to the Ecumenical Temple.
  4743 | D:5      | Found a hazy altar of Hepliaklqana.
  5104 | D:5      | Reached skill level 6 in Earth Magic
  5657 | D:6      | Reached XP level 8. HP: 30/57 MP: 12/14
  5858 | D:6      | Found Weocsu Paxu's CLEARANCE SALE!.
  5961 | D:6      | Identified the +5 spear of Cepp {heavy, Contam *Rage rElec
                  | Int+8}
  5969 | D:6      | Found Tifapp's Antique Weapon Boutique.
  5979 | D:6      | HP: 2/55 [wight/the +5 spear of Cepp {heavy, Contam *Rage
                  | rElec Int+8} (2)]
  5980 | D:6      | Reached * piety under Vehumet
  5980 | D:6      | Offered knowledge of Kiss of Death by Vehumet.
  6387 | D:6      | Found a sacrificial altar of Ru.
  6409 | D:6      | Reached skill level 5 in Stealth
  6619 | D:6      | Learned a level 2 spell: Passwall
  7147 | D:7      | Reached skill level 7 in Earth Magic
  7349 | D:7      | Reached skill level 5 in Spellcasting
  7349 | D:7      | Reached skill level 5 in Transmutations
  7561 | D:7      | Reached skill level 5 in Dodging
  7567 | D:7      | Reached XP level 9. HP: 26/62 MP: 0/16
  7571 | D:7      | Slain by an orc warrior

Illustrated notes

Levels and vault maps discovered:
D:1:      amcnicky_arrival_abandoned_market, layout_basic
D:2:      layout_basic
D:3:      layout_basic
D:4:      kennysheep_spiral_hall, layout_gridville,
          nicolae_yredelemnul_ghost_church, lemuel_crystal_altar,
          mainiacjoe_overflow_chevrons, uniq_duvessa
D:5:      layout_rooms, mainiacjoe_overflow_surrounded_room,
          minmay_temple_entry_glass
D:6:      layout_rooms, mainiacjoe_overflow_24_doors, serial_shops,
          nicolae_shop_crystal, minmay_tree_intersection, nicolae_shop_clearance
D:7:      layout_loops_ring, nicolae_elyvilon_peaceful_grove, lightli_minifort

Skill      XL: |  1  2  3  4  5  6  7  8 |
---------------+-------------------------+-----
Stealth        | 2 3 4 5 |  5.5
Dodging        | 2 3 4 5 |  5.0
Transmutations | 2 3 4 5 |  5.1
Spellcasting   | 3 4 5 |  5.1
Earth Magic    | 4 5 6 7 |  7.3

Action                     |  1- 3 |  4- 6 |  7- 9 || total
---------------------------+-------+-------+-------++-------
  Melee: Unarmed           |     8 |       |       ||     8
         Tailslap          |     5 |     4 |    10 ||    19
         Flail             |    19 |    68 |   106 ||   193
         Dagger            |    12 |       |       ||    12
         Punch             |       |     1 |     2 ||     3
   Cast: Sandblast         |    43 |    11 |    49 ||   103
         Passwall          |       |       |     5 ||     5
    Use: Potion            |     1 |       |     1 ||     2
         Scroll            |       |       |     7 ||     7
   Stab: Sleeping          |     1 |    10 |     2 ||    13
         Distracted        |       |       |     1 ||     1
 Armour: Skin              |    31 |    21 |    56 ||   108
  Dodge: Dodged            |    67 |    36 |    80 ||   183

Table legend: (Time is in decaauts)
 A = Elapsed time spent in this place.
 B = Non-inter-level travel time spent in this place.
 C = Inter-level travel time spent in this place.
 D = Time resting spent in this place.
 E = Time spent auto-exploring this place.
 F = Levels seen in this place.
 G = Mean time per level.
                   A        B        C        D        E       F      G
               +--------+--------+--------+--------+--------+-----+--------+
         Total |   7710 |   7567 |    143 |   2557 |   3360 |   7 | 1101.4 |
       Dungeon |   7710 |   7567 |    143 |   2557 |   3360 |   7 | 1101.4 |
               +--------+--------+--------+--------+--------+-----+--------+

Top non-repeatable levels by time:
     D:1: 1564 daAuts
     D:6: 1561 daAuts
     D:5: 1139 daAuts
     D:3: 1079 daAuts
     D:2: 891 daAuts
     D:4: 881 daAuts
     D:7: 594 daAuts
